 Dungeon Sprint DCSS version 0.26.1-11-gd32895ea62 (webtiles) character file.

Game seed: 12325102436779607993

8100000 Zeld the Ninja (level 27, -15/224 HPs)
             Began as an Octopode Gladiator on May 14, 2021.
             Was the Champion of Makhleb.
             Killed by the air
             ... invoked by a tyrant
              (34 damage)
             ... in the Dungeon (Sprint VIII: "Arena of Blood").
             The game lasted 00:03:55 (81 turns).

Zeld the Ninja (Octopode Gladiator)                   Turns: 81, Time: 00:03:56

Health: -15/224    AC:  1    Str: 23    XL:     27
Magic:  29/54      EV: 32    Int: 13    God:    Makhleb [******]
Gold:   0          SH:  0    Dex: 14    Spells: 80/80 levels left

rFire    . . .     SeeInvis .   i - +∞ Axe of Woe
rCold    . . .     Faith    .   (shield currently unavailable)
rNeg     . . .     Spirit   .   a - +0 hat
rPois    .         Reflect  .   (no amulet)
rElec    .         Harm     .   (no ring)
rCorr    .         Rampage  .   (no ring)
Will     ++...     NoTele   +   (no ring)
Stlth    ++++++++++             (no ring)
HPRegen  0.47/turn              (no ring)
MPRegen  0.34/turn              (no ring)
                                (no ring)
                                (no ring)

@: no status effects
A: almost no armour, stealthy swim, amphibious, 8 rings, constrict 8, camouflage
1, gelatinous body 1
a: Renounce Religion, Minor Destruction, Lesser Servant of Makhleb, Major
Destruction, Greater Servant of Makhleb


You were in the Dungeon.
You worshipped Makhleb.
Makhleb was exalted by your worship.
You visited 1 branch

Inventory:

Hand Weapons
 i - the +∞ Axe of Woe (weapon)
   (You found it in the Dungeon)
Missiles
 b - 3 throwing nets (quivered)
Armour
 a - a +0 hat (worn)
Scrolls
 h - a scroll of blinking
Potions
 c - a potion of curing
 d - a potion of heal wounds
 e - a potion of haste
 f - 2 potions of magic
 g - a potion of berserk rage


   Skills:
 O Level 27 Fighting
 O Level 27 Short Blades
 O Level 27 Long Blades
 O Level 27 Axes
 O Level 27 Maces & Flails
 O Level 27 Polearms
 O Level 27 Staves
 O Level 27 Slings
 O Level 27 Bows
 O Level 27 Crossbows
 O Level 27 Throwing
 O Level 27 Dodging
 O Level 27 Stealth
 O Level 27 Shields
 O Level 27 Unarmed Combat
 O Level 27 Spellcasting
 O Level 27 Conjurations
 O Level 27 Hexes
 O Level 27 Summonings
 O Level 27 Necromancy
 O Level 27 Translocations
 O Level 27 Transmutations
 O Level 27 Fire Magic
 O Level 27 Ice Magic
 O Level 27 Air Magic
 O Level 27 Earth Magic
 O Level 27 Poison Magic
 O Level 27 Invocations
 O Level 27 Evocations


You had 80 spell levels left.
You didn't know any spells.
Your spell library was empty.

Dungeon Overview and Level Annotations

Branches:
Dungeon (1/1)

Altars:
Makhleb

Annotations:
D The Captor


Innate Abilities, Weirdness & Mutations

You cannot wear most types of armour.
You are very stealthy in the water. (Stealth+)
You are amphibious.
You can wear up to eight rings at the same time.
You can use your tentacles to constrict eight enemies at once.
Your skin changes colour to match your surroundings (Stealth+).
Your rubbery body absorbs attacks. (AC +1, EV +1)


Message History

Unknown command.
You are too injured to fight recklessly!
Unknown command.
A large bag of meat comes into view. It is wielding a +9 giant spiked club.
You are engulfed in blazing flames.
* * * LOW HITPOINT WARNING * * *
You hear a shout! x3
The dread calls on the powers of darkness!
The Captor convulses!
The bag of meat convulses! x2
Your body is wracked with pain!
* * * LOW HITPOINT WARNING * * *
The bag of meat convulses! x3; The meat berserker convulses!
You hear a shout!
The bag of meat barely misses you.
You hear a shout!
The bag of meat is engulfed in blazing flames.
You hear a shout!
The tyrant waves its bony arms in wide circles.
The air twists around and strikes you!!
You die...

..... .. #...
..# . #... ..#
.o###... ..###.
......###......
.W@.._......
#§2☼){# #§o§)_#
#§o@).#
.o.oVoo_O......
WL...W###......
..###... ..###.
. #... ..# #...
.# O.... .. o.
..


You could see a meat beast (fast), a tyrant, a destroyer, a large bag of meat
(inner flame), 3 dreads, The Captor, a meat berserker (berserk) and 7 bags of
meat.

Vanquished Creatures
  3 hell beasts (D)
  2 royal mummies (D)
  8 vampire knights (D)
  28 ogres (D)
  3 two-headed ogres (D)
  3 liches (D)
  2 hydras (D)
  22 orcs (D)
  7 skeletal warriors (D)
  4 large abominations (D)
  6 small abominations (D)
  15 crawling corpses (D)
103 creatures vanquished.

Notes
Turn   | Place    | Note
-------+----------+-------------------------------------------
     0 | D        | Found the +∞ Axe of Woe
     0 | D        | Zeld the Octopode Gladiator began the quest for the Orb.
     0 | D        | Reached XP level 1. HP: 14/14 MP: 1/1
     3 | D        | Noticed a bag of meat
     4 | D        | Became a worshipper of Makhleb the Destroyer
     7 | D        | Killed a bag of meat
     8 | D        | Reached skill level 10 in Fighting
     8 | D        | Reached skill level 10 in Throwing
     8 | D        | Reached XP level 2. HP: 32/32 MP: 2/2
     8 | D        | Reached XP level 3. HP: 37/37 MP: 3/3
     8 | D        | Reached XP level 4. HP: 43/43 MP: 4/4
     8 | D        | Reached XP level 5. HP: 48/48 MP: 5/5
     8 | D        | Reached XP level 6. HP: 54/54 MP: 6/6
     8 | D        | Reached XP level 7. HP: 60/60 MP: 7/7
     8 | D        | Reached XP level 8. HP: 65/65 MP: 8/8
     8 | D        | Reached XP level 9. HP: 71/71 MP: 9/9
     8 | D        | Reached XP level 10. HP: 77/77 MP: 10/10
     8 | D        | Reached XP level 11. HP: 82/82 MP: 11/11
     8 | D        | Reached XP level 12. HP: 88/88 MP: 12/12
     8 | D        | Noticed a meat berserker
     9 | D        | Noticed a meat berserker
     9 | D        | Noticed a meat berserker
     9 | D        | Noticed a meat berserker
    11 | D        | Killed a meat berserker
    11 | D        | Reached * piety under Makhleb
    11 | D        | Noticed a bag of meat
    12 | D        | Reached skill level 10 in Stealth
    12 | D        | Reached XP level 13. HP: 98/98 MP: 12/23
    12 | D        | Reached XP level 14. HP: 104/104 MP: 12/24
    13 | D        | Killed a meat berserker
    13 | D        | Killed a meat berserker
    13 | D        | Noticed a meat berserker
    13 | D        | Noticed a bag of meat
    14 | D        | Reached skill level 15 in Fighting
    14 | D        | Reached skill level 15 in Throwing
    14 | D        | Reached skill level 15 in Stealth
    14 | D        | Reached skill level 10 in Spellcasting
    14 | D        | Reached XP level 15. HP: 40/116 MP: 12/29
    14 | D        | Reached XP level 16. HP: 42/122 MP: 12/30
    14 | D        | Killed a meat berserker
    14 | D        | Reached ** piety under Makhleb
    16 | D        | Noticed a meat berserker
    17 | D        | Noticed a large bag of meat
    17 | D        | Killed a meat berserker
    17 | D        | Noticed a destroyer
    18 | D        | Reached skill level 15 in Invocations
    18 | D        | Reached XP level 17. HP: 85/132 MP: 13/34
    18 | D        | Killed a large bag of meat
    18 | D        | Reached *** piety under Makhleb
    19 | D        | Reached skill level 15 in Maces & Flails
    19 | D        | Reached skill level 15 in Polearms
    19 | D        | Reached skill level 15 in Slings
    19 | D        | Reached XP level 18. HP: 33/141 MP: 13/36
    21 | D        | Killed a meat berserker
    22 | D        | Reached XP level 19. HP: 36/150 MP: 14/39
    23 | D        | Noticed a destroyer
    23 | D        | Killed a destroyer
    23 | D        | Reached **** piety under Makhleb
    23 | D        | Noticed a large bag of meat
    23 | D        | Noticed a meat berserker
    25 | D        | Reached XP level 20. HP: 160/160 MP: 15/41
    26 | D        | Reached ***** piety under Makhleb
    26 | D        | Noticed an eight-headed meat hydra
    27 | D        | Killed a large bag of meat
    27 | D        | Noticed a meat berserker
    28 | D        | Killed a meat berserker
    29 | D        | Reached skill level 27 in Stealth
    29 | D        | Reached XP level 21. HP: 155/171 MP: 16/44
    30 | D        | Killed a nine-headed meat hydra
    30 | D        | Noticed a destroyer
    31 | D        | Killed a meat berserker
    31 | D        | Noticed a destroyer
    31 | D        | Noticed an eight-headed meat hydra
    32 | D        | Noticed a destroyer
    33 | D        | Killed a destroyer
    34 | D        | Reached skill level 27 in Dodging
    34 | D        | Reached skill level 27 in Unarmed Combat
    34 | D        | Reached XP level 22. HP: 113/183 MP: 17/47
    37 | D        | Killed a destroyer
    37 | D        | Noticed a destroyer
    39 | D        | Killed a destroyer
    39 | D        | Reached ****** piety under Makhleb
    39 | D        | Killed a destroyer
    40 | D        | Reached skill level 27 in Fighting
    40 | D        | Reached skill level 27 in Throwing
    40 | D        | Reached skill level 27 in Invocations
    40 | D        | Reached XP level 23. HP: 197/197 MP: 18/51
    43 | D        | Killed a destroyer
    44 | D        | Reached skill level 27 in Axes
    44 | D        | Reached skill level 27 in Maces & Flails
    44 | D        | Reached skill level 27 in Polearms
    44 | D        | Reached skill level 27 in Slings
    44 | D        | Reached skill level 27 in Spellcasting
    44 | D        | Reached XP level 24. HP: 204/204 MP: 19/54
    47 | D        | Reached skill level 27 in Staves
    47 | D        | Reached skill level 5 in Short Blades
    47 | D        | Reached skill level 5 in Long Blades
    47 | D        | Reached skill level 5 in Bows
    47 | D        | Reached skill level 5 in Crossbows
    47 | D        | Reached skill level 5 in Shields
    47 | D        | Reached skill level 5 in Conjurations
    47 | D        | Reached skill level 5 in Hexes
    47 | D        | Reached skill level 5 in Summonings
    47 | D        | Reached skill level 5 in Necromancy
    47 | D        | Reached skill level 5 in Translocations
    47 | D        | Reached skill level 5 in Transmutations
    47 | D        | Reached skill level 5 in Fire Magic
    47 | D        | Reached skill level 5 in Ice Magic
    47 | D        | Reached skill level 5 in Air Magic
    47 | D        | Reached skill level 5 in Earth Magic
    47 | D        | Reached XP level 25. HP: 210/210 MP: 20/54
    47 | D        | Noticed a tyrant
    47 | D        | Noticed a destroyer
    50 | D        | Noticed a tyrant
    52 | D        | Reached skill level 10 in Poison Magic
    53 | D        | Reached skill level 10 in Short Blades
    53 | D        | Reached skill level 10 in Long Blades
    53 | D        | Reached skill level 10 in Bows
    53 | D        | Reached skill level 10 in Crossbows
    53 | D        | Reached skill level 10 in Shields
    53 | D        | Reached skill level 10 in Conjurations
    53 | D        | Reached skill level 10 in Hexes
    53 | D        | Reached skill level 10 in Summonings
    53 | D        | Reached skill level 10 in Necromancy
    53 | D        | Reached skill level 10 in Translocations
    53 | D        | Reached skill level 10 in Transmutations
    53 | D        | Reached skill level 10 in Fire Magic
    53 | D        | Reached skill level 10 in Ice Magic
    53 | D        | Reached skill level 10 in Air Magic
    53 | D        | Reached skill level 10 in Earth Magic
    54 | D        | Reached XP level 26. HP: 217/217 MP: 22/54
    55 | D        | Noticed a tyrant
    56 | D        | Noticed an accursed
    59 | D        | Reached skill level 15 in Poison Magic
    59 | D        | Killed a tyrant
    60 | D        | Reached skill level 15 in Short Blades
    60 | D        | Reached skill level 15 in Air Magic
    60 | D        | Reached XP level 27. HP: 184/224 MP: 24/54
    61 | D        | Reached skill level 15 in Long Blades
    61 | D        | Reached skill level 15 in Bows
    61 | D        | Reached skill level 15 in Crossbows
    61 | D        | Reached skill level 15 in Shields
    61 | D        | Reached skill level 15 in Conjurations
    61 | D        | Reached skill level 15 in Hexes
    61 | D        | Reached skill level 15 in Summonings
    61 | D        | Reached skill level 15 in Necromancy
    61 | D        | Reached skill level 15 in Translocations
    61 | D        | Reached skill level 15 in Transmutations
    61 | D        | Reached skill level 15 in Fire Magic
    61 | D        | Reached skill level 15 in Ice Magic
    61 | D        | Reached skill level 15 in Earth Magic
    62 | D        | Noticed a meat beast
    62 | D        | Killed a tyrant
    64 | D        | Killed a meat beast
    65 | D        | Noticed a large bag of meat
    68 | D        | Killed a tyrant
    68 | D        | Noticed an accursed
    69 | D        | Noticed a meat beast
    71 | D        | Noticed a meat beast
    73 | D        | Noticed a dread
    74 | D        | Reached skill level 27 in Poison Magic
    74 | D        | Killed an accursed
    74 | D        | Noticed a destroyer
    75 | D        | Killed a large bag of meat
    75 | D        | Noticed The Captor
    76 | D        | Noticed a destroyer
    76 | D        | Noticed a dread
    77 | D        | Killed a meat beast
    78 | D        | Reached skill level 27 in Evocations
    78 | D        | Killed a meat beast
    78 | D        | Noticed a meat beast
    78 | D        | Noticed a tyrant
    79 | D        | Reached skill level 27 in Short Blades
    79 | D        | Reached skill level 27 in Long Blades
    79 | D        | Reached skill level 27 in Bows
    79 | D        | Reached skill level 27 in Crossbows
    79 | D        | Reached skill level 27 in Shields
    79 | D        | Reached skill level 27 in Conjurations
    79 | D        | Reached skill level 27 in Hexes
    79 | D        | Reached skill level 27 in Summonings
    79 | D        | Reached skill level 27 in Necromancy
    79 | D        | Reached skill level 27 in Translocations
    79 | D        | Reached skill level 27 in Transmutations
    79 | D        | Reached skill level 27 in Fire Magic
    79 | D        | Reached skill level 27 in Ice Magic
    79 | D        | Reached skill level 27 in Air Magic
    79 | D        | Reached skill level 27 in Earth Magic
    79 | D        | Killed an accursed
    79 | D        | Killed a destroyer
    79 | D        | Noticed a meat beast
    80 | D        | Killed a destroyer
    80 | D        | Noticed a dread
    81 | D        | Noticed a large bag of meat
    81 | D        | Killed from afar by a tyrant

Illustrated notes

Levels and vault maps discovered:
D:        meatsprint

Skill      XL: |  1  2  3  4  5  6  7  8  9 10 11 12 13 14 15 16 17 18 19 20 21 22 23 24 25 26 27 |
---------------+----------------------------------------------------------------------------------+-----
Fighting       | 10 12 15 17 18 19 20 22 24 27 | 27.0
Axes           | 4 8 12 14 16 17 19 21 23 26 27 | 27.0
Throwing       | 10 12 15 16 18 19 20 22 24 27 | 27.0
Dodging        | 17 18 20 21 22 23 24 25 27 | 27.0
Unarmed Combat | 17 18 20 21 22 23 24 25 27 | 27.0
Maces & Flails | 7 11 14 15 17 19 20 23 26 27 | 27.0
Polearms       | 7 11 14 15 17 19 20 23 26 27 | 27.0
Slings         | 7 11 14 15 17 19 20 23 26 27 | 27.0
Stealth        | 10 15 19 21 23 25 27 | 27.0
Spellcasting   | 6 10 13 14 16 17 19 21 24 27 | 27.0
Invocations    | 8 12 15 17 18 20 22 24 27 | 27.0
Staves         | 19 27 | 27.0
Short Blades   | 5 11 15 27 | 27.0
Long Blades    | 5 11 14 27 | 27.0
Bows           | 5 11 14 27 | 27.0
Crossbows      | 5 11 14 27 | 27.0
Shields        | 5 11 14 27 | 27.0
Conjurations   | 5 11 14 27 | 27.0
Hexes          | 5 11 14 27 | 27.0
Summonings     | 5 11 14 27 | 27.0
Necromancy     | 5 11 14 27 | 27.0
Translocations | 5 11 14 27 | 27.0
Transmutations | 5 11 14 27 | 27.0
Fire Magic     | 5 11 14 27 | 27.0
Ice Magic      | 5 11 14 27 | 27.0
Air Magic      | 5 11 15 27 | 27.0
Earth Magic    | 5 11 14 27 | 27.0
Poison Magic   | 6 12 17 27 | 27.0
Evocations     | 6 12 16 27 | 27.0

Action                   |  1- 3 |  4- 6 |  7- 9 | 10-12 | 13-15 | 16-18 | 19-21 | 22-24 | 25-27 || total
-------------------------+-------+-------+-------+-------+-------+-------+-------+-------+-------++-------
Melee: Executioner's axe |     1 |       |       |     1 |     1 |     4 |     8 |     9 |    30 ||    54
Invok: Greater Servant o |       |       |       |       |       |       |     1 |       |     2 ||     3
 Stab: Distracted        |       |       |       |       |       |       |       |       |     2 ||     2
Dodge: Dodged            |       |       |       |       |       |       |     1 |       |     1 ||     2
